 Dungeon Crawl Stone Soup version 0.30-a0-651-g0755cc6dcf (webtiles) character file.

Game seed: 15621251415960982762

2444 Chromium the Protected (level 9, -4/89 HPs)
             Began as a Hill Orc Fighter on Jan 17, 2023.
             Was a Believer of Trog.
             Asphyxiated
             ... on level 6 of the Dungeon.
             The game lasted 00:24:33 (4421 turns).

Chromium the Protected (Hill Orc Fighter)           Turns: 4421, Time: 00:24:34

Health: -4/89      AC: 20    Str: 23    XL:     9   Next: 49%
Magic:  9/9        EV: 12    Int:  8    God:    Trog [**....]
Gold:   319        SH:  4    Dex: 10    Spells: 8/8 levels left

rFire   . . .      SeeInvis .    f - +3 mace (protect)
rCold   . . .      Faith    .    c - +0 buckler
rNeg    . . .      Spirit   .    g - +0 plate armour
rPois   .          Reflect  .    a - +0 helmet
rElec   .          Harm     .    k - +0 cloak
rCorr   .          Rampage  .    (no gloves)
Will    .....                    (no boots) Stlth
                                 (no amulet)
HPRegen 0.34/turn                p - +5 ring of evasion
MPRegen 0.11/turn                r - ring of wizardry

@: lethally poisoned (-4 -> -18), slowed, invisible, very slow
A: iridescent scales 1, sense surroundings 1, MP-powered wands
a: Renounce Religion, Berserk, Trog's Hand


You were on level 6 of the Dungeon.
You worshipped Trog.
Trog was pleased with you.
You visited 2 branches of the dungeon, and saw 7 of its levels.
You also visited: Ossuary.

You collected 319 gold pieces.

Inventory:

Hand Weapons
 f - a +3 mace of protection (weapon)
 u - a +1 spear of flaming
Missiles
 e - 71 stones (quivered)
Armour
 a - a +0 helmet (worn)
 c - a +0 buckler (worn)
 g - a +0 plate armour (worn)
 k - a +0 cloak (worn)
 n - a +1 hat
 y - a +3 scale mail
Jewellery
 m - a ring of poison resistance
 p - a +5 ring of evasion (left hand)
 r - a ring of wizardry (right hand)
 A - a ring of see invisible
 B - a ring of resist corrosion
Scrolls
 h - 2 scrolls of fear
 i - 4 scrolls of poison
 j - a scroll of amnesia
 l - 2 scrolls of fog
 s - 2 scrolls of enchant weapon
 v - 3 scrolls of teleportation
 w - 5 scrolls of identify
Potions
 b - 2 potions of curing
 d - 3 potions of might
 o - 2 potions of invisibility
 q - a potion of magic {unknown}
 t - 2 potions of degeneration {unknown}
 x - a potion of flight {unknown}
 z - 3 potions of resistance {unknown}


   Skills:
 + Level 11.1 Fighting
 - Level 2.7(4.8) Axes
 - Level 4.1(4.4) Maces & Flails
 - Level 2.7(3.1) Polearms
 - Level 11.8 Armour
 - Level 3.3 Shields


You had 8 spell levels left.
You didn't know any spells.
Your spell library was empty.

Dungeon Overview and Level Annotations

Branches:
Dungeon (6/15)             Temple (1/1) D:5         Ossuary (visited)

Altars:
Ashenzari
Cheibriados
Dithmenos
Elyvilon
Fedhas
Gozag
Hepliaklqana
Kikubaaqudgha
Nemelex Xobeh
Okawaru
Qazlal
Ru
Sif Muna
Trog
Uskayaw
Vehumet
Wu Jian
Xom
Yredelemnul
Zin
The Shining One

Shops:
D:2 (   D:3 ?


Innate Abilities, Weirdness & Mutations

You are partially covered in iridescent scales. (AC +2)
You passively map a small area around you.
You expend magic power (3 MP) to strengthen your wands.


Message History

You hit the orc warrior but do no damage.
Your weapon exudes an aura of protection.
You feel sick.
The orc warrior hits you but does no damage.
The kobold throws a stone.
The stone hits the kobold brigand but does no damage.
The kobold brigand throws a curare-tipped dart.
The curare-tipped dart hits the orc warrior.
The orc warrior is poisoned.
The orc warrior convulses.
The orc warrior seems to slow down.
The orc warrior barely misses you.
You flicker back into view.
You feel sick.
The orc wizard points at you and mumbles some strange words.
You easily resist.
You feel sick.
You are no longer poisoned.
The kobold brigand throws a curare-tipped dart.
The curare-tipped dart hits you.
You are poisoned.
You have difficulty breathing.
* * * LOW HITPOINT WARNING * * *
You feel as though you will be slow longer.
The orc throws a boomerang of dispersal.
You block the boomerang of dispersal.
The kobold brigand attacks as you move away!
The kobold brigand hits you but does no damage.
* * * LOW HITPOINT WARNING * * *
You feel very sick.
The kobold brigand throws a curare-tipped dart.
The curare-tipped dart barely misses you.
You see here a +0 leather armour.
You fade into invisibility!
You feel sick.
The orc priest calls upon Beogh to heal the orc.
The orc's wounds heal themselves!
The kobold brigand throws a curare-tipped dart.
The curare-tipped dart hits you.
You are lethally poisoned!
You have difficulty breathing.
You die...

#..........<.........#
#................#..# #
#.........##.......# #####
#.................## ##...# ###
##......###........###.....
#..#####.....####..............?.
.....#.......o..........#######..
#..#...o....##KK.##.###.#.....#..
.........hooo...@.......#.†...#..
.[....#.#.......#.......#.#.#.#..
......####....#.#.......#.#.#.#..
......#*#.....#.........###)###..
.....K#...........#..............
#..oK)...........###.............
##o.o.............###.######.....
#..h....................##.).###
............. ....##.....##.....#


You could see an orc warrior (unable to see you, poisoned, slow), a black bear
(unable to see you), a kobold brigand (unable to see you), an orc priest (unable
to see you), an orc wizard (unable to see you), an orc (unable to see you) and a
kobold (unable to see you).

Vanquished Creatures
  A two-headed ogre (D:6)
  Sigmund (D:4)
  An acid dragon (D:5)
  A kobold brigand (D:5)
  2 bullfrogs (D:6)
  11 scorpions
  5 centaur zombies (Ossuary)
  2 jellies
  A gnoll bouda (D:5)
  2 hounds (D:5)
  A human zombie (Ossuary)
  An orc priest (D:6)
  A scorpion zombie (Ossuary)
  An iguana (D:4)
  An orc wizard (D:3)
  3 mummies (Ossuary)
  4 gnolls (D:5)
  11 adders
  A shadow imp (D:6)
  2 ufetubi (D:5)
  3 worms (D:2)
  2 dart slugs
  5 orcs
  3 endoplasms
  A gnoll zombie (Ossuary)
  4 goblins
  4 hobgoblins
  2 jackals (D:3)
  2 quokkas
  9 ball pythons
  3 bats (D:1)
  A frilled lizard (D:1)
  4 goblin zombies
  4 hobgoblin zombies (Ossuary)
  8 kobolds
  A kobold zombie (Ossuary)
  An orc zombie (Ossuary)
  A quokka zombie (D:6)
  2 rats
113 creatures vanquished.

Vanquished Creatures (others)
  An ufetubus (D:6)
1 creature vanquished.

Grand Total: 114 creatures vanquished

Notes
Turn   | Place    | Note
-------+----------+-------------------------------------------
     0 | D:1      | Chromium the Hill Orc Fighter began the quest for the Orb.
     0 | D:1      | Reached XP level 1. HP: 19/19 MP: 1/1
   341 | D:1      | Reached XP level 2. HP: 27/27 MP: 2/2
   723 | D:2      | Reached skill level 1 in Maces & Flails
   729 | D:2      | Found Zeca's Antique Weapon Shoppe.
   752 | D:2      | Reached XP level 3. HP: 16/34 MP: 3/3
   919 | D:2      | Found a faded altar of an unknown god.
   943 | D:2      | Reached skill level 5 in Fighting
   973 | D:2      | Reached XP level 4. HP: 42/42 MP: 4/4
  1011 | D:2      | Reached XP level 5. HP: 48/48 MP: 5/5
  1497 | D:3      | Found Dosmalapp's Magic Scroll Shoppe.
  1538 | D:3      | Gained mutation: You passively map a small area around you.
                  | [potion of mutation]
  1538 | D:3      | Gained mutation: You expend magic power (3 MP) to
                  | strengthen your wands. [potion of mutation]
  1538 | D:3      | Gained mutation: You are partially covered in iridescent
                  | scales. (AC +2) [potion of mutation]
  2038 | D:4      | Noticed Sigmund
  2070 | D:4      | Killed Sigmund
  2071 | D:4      | Reached XP level 6. HP: 23/56 MP: 6/6
  2376 | D:4      | Found a bloodstained altar of Trog.
  2382 | D:4      | Found a snail-covered altar of Cheibriados.
  2384 | D:4      | Became a worshipper of Trog the Wrathful
  2387 | D:4      | Found a white marble altar of Elyvilon.
  2390 | D:4      | Found a shimmering blue altar of Sif Muna.
  2396 | D:4      | Found a sparkling altar of Nemelex Xobeh.
  2590 | D:5      | Entered Level 5 of the Dungeon
  2636 | D:5      | Reached XP level 7. HP: 52/62 MP: 7/7
  2730 | D:5      | Found a staircase to the Ecumenical Temple.
  2745 | Temple   | Entered the Ecumenical Temple
  3180 | D:5      | Reached * piety under Trog
  3648 | D:5      | Reached XP level 8. HP: 70/73 MP: 8/8
  3685 | D:6      | Found a sand-covered staircase.
  3685 | D:6      | Noticed a two-headed ogre
  3705 | D:6      | Killed a two-headed ogre
  3714 | Ossuary  | Entered an ossuary
  3872 | Ossuary  | Reached XP level 9. HP: 70/84 MP: 9/9
  3935 | Ossuary  | Reached skill level 10 in Fighting
  4097 | Ossuary  | Reached ** piety under Trog
  4421 | D:6      | Asphyxiated

Illustrated notes

Levels and vault maps discovered:
D:1:      amcnicky_arrival_blooded_trapdoor, layout_loops_cross
D:2:      layout_rooms, hellmonk_ecumenical_altar_arch_garden, serial_shops,
          nicolae_shop_hallway_plus
D:3:      layout_basic, serial_shops, shop, chequers_serial_rivers_micro_c
D:4:      layout_cave_pools, nicolae_overflow_hallway_of_the_gods, uniq_sigmund
D:5:      layout_rooms, minmay_temple_entry_statues_fountains,
          nicolae_elevator_lobby_asterisk
D:6:      layout_cave_pools, enter_ossuary_4, nrook_uturn, uniq_maggie,
          uniq_crazy_yiuf_cottage
Temple:   nicolae_temple_elliptical

Skill      XL: |  1  2  3  4  5  6  7  8  9 |
---------------+----------------------------+-----
Fighting       | 4 5 7 9 11 | 11.1
Maces & Flails | 1 2 3 4 |  4.1
Armour         | 11 | 11.8
Polearms       | 2 |  2.7
Axes           | |  2.7
Shields        | |  3.3

Action                   |  1- 3 |  4- 6 |  7- 9 || total
-------------------------+-------+-------+-------++-------
Melee: Mace              |    64 |    88 |   283 ||   435
       War axe           |     7 |       |       ||     7
       Spear             |       |       |    16 ||    16
Throw: Stone             |       |       |     1 ||     1
  Use: Scroll            |     4 |     6 |     3 ||    13
       Potion            |     1 |     6 |     7 ||    14
Armor: Plate armour      |    51 |    52 |   263 ||   366
       Scale mail        |     2 |       |       ||     2
       Skin              |       |       |     9 ||     9
Dodge: Dodged            |    24 |    41 |   268 ||   333
Block: Buckler           |    18 |    11 |    97 ||   126

Table legend: (Time is in decaauts)
 A = Elapsed time spent in this place.
 B = Non-inter-level travel time spent in this place.
 C = Inter-level travel time spent in this place.
 D = Time resting spent in this place.
 E = Time spent auto-exploring this place.
 F = Levels seen in this place.
 G = Mean time per level.
                   A        B        C        D        E       F      G
               +--------+--------+--------+--------+--------+-----+--------+
         Total |   4506 |   3452 |   1054 |      0 |   2022 |   8 |  563.2 |
       Dungeon |   3832 |   2943 |    889 |      0 |   2022 |   6 |  638.7 |
        Temple |    167 |      2 |    165 |      0 |      0 |   1 |  167.0 |
       Ossuary |    506 |    506 |      0 |      0 |      0 |   1 |  506.0 |
               +--------+--------+--------+--------+--------+-----+--------+

Top non-repeatable levels by time:
     D:5: 928 daAuts
     D:3: 750 daAuts
     D:1: 693 daAuts
     D:2: 588 daAuts
     D:4: 587 daAuts
 Ossuary: 506 daAuts
     D:6: 283 daAuts
  Temple: 167 daAuts
